 Dungeon Crawl Stone Soup version 0.21.1-1-g345015f (webtiles) character file.

1866 nicolaieve the Cleaver (level 8, 0/64 HPs)
             Began as a Minotaur Berserker on July 23, 2018.
             Was a High Priest of Trog.
             Slain by an orc warrior
             ... wielding a +0 war axe
              (25 damage)
             ... on level 6 of the Dungeon.
             The game lasted 00:19:18 (4342 turns).

nicolaieve the Cleaver (Minotaur Berserker)         Turns: 4342, Time: 00:19:20

Health: 0/64       AC:  6    Str: 25    XL:     8   Next: 90%
Magic:  7/7        EV: 10    Int:  4    God:    Trog [*****.]
Gold:   326        SH:  0    Dex:  9    Spells: 7/7 levels left

rFire    . . .     SeeInvis +   a - +0 hand axe
rCold    . . .     Gourm    .   (no shield)
rNeg     . . .     Faith    .   r - +0 scale mail
rPois    .         Spirit   .   (helmet restricted)
rElec    .         Reflect  .   (no cloak)
rCorr    .         Harm     .   (no gloves)
MR       .....                  (no boots)
Stlth    ..........             (no amulet)
HPRegen  0.20/turn              k - ring of see invisible
MPRegen  0.10/turn              (no ring)

@: no status effects
A: retaliatory headbutt, horns 2
a: Berserk, Trog's Hand, Brothers in Arms, Burn Spellbooks, Renounce Religion


You were on level 6 of the Dungeon.
You worshipped Trog.
Trog was extremely pleased with you.
You were not hungry.

You visited 1 branch of the dungeon, and saw 6 of its levels.
You also visited: Sewer.

You collected 326 gold pieces.

Inventory:

Hand Weapons
 a - a +0 hand axe (weapon)
 s - a +0 battleaxe
 v - a +1 whip of freezing
Armour
 r - a +0 scale mail (worn)
Jewellery
 e - an uncursed ring of magical power {unknown}
 j - an uncursed ring of protection from cold {unknown}
 k - a ring of see invisible (left hand)
Wands
 o - a wand of iceblast (9)
 w - a wand of disintegration (13)
Scrolls
 b - 3 scrolls of magic mapping {unknown}
 f - 8 scrolls of teleportation {unknown}
 g - a scroll of immolation {unknown}
 h - 7 scrolls of remove curse {unknown}
 i - 2 scrolls of blinking {unknown}
 l - 5 scrolls of identify {unknown}
 m - 2 scrolls of fog {unknown}
 x - 2 scrolls of noise {unknown}
 y - a scroll of amnesia {unknown}
 B - 2 scrolls of enchant weapon {unknown}
Potions
 d - 4 potions of lignification {unknown}
 n - 4 potions of brilliance {unknown}
 p - a potion of berserk rage {unknown}
 q - a potion of magic {unknown}
 t - a potion of haste {unknown}
 u - 4 potions of curing {unknown}
 z - 3 potions of heal wounds {unknown}
 A - 2 potions of flight {unknown}
Comestibles
 c - 6 rations
 C - 14 chunks of flesh


   Skills:
 - Level 3.6 Fighting
 + Level 13.6 Axes
 - Level 2.4 Armour
 - Level 2.1 Dodging


You had 7 spell levels left.
You didn't know any spells.

Dungeon Overview and Level Annotations

Branches:
Dungeon (6/15)
 Temple: D:4-7

Altars:
Okawaru
Uskayaw
The Shining One


Innate Abilities, Weirdness & Mutations

You reflexively headbutt those who attack you in melee.
You have a pair of horns on your head.


Message History

You slash the orc warrior!
The orc warrior is almost dead.
You hit the orc warrior but do no damage.
The orc warrior is almost dead.
The orc warrior closely misses you.
Unknown command.
You barely miss the orc warrior. Your headbutt misses the orc warrior.
The orc warrior is almost dead.
You barely miss the orc warrior.
The orc warrior is almost dead.
The orc warrior hits you with a war axe!
Unknown command.
You closely miss the orc warrior.
You headbutt the orc warrior, but do no damage.
The orc warrior is almost dead.
You hit the orc warrior but do no damage.
Your headbutt misses the orc warrior.
The orc warrior is almost dead.
The orc warrior hits you with a war axe!!
You die...

+###. ### .....
... ..##. #o# ..#
#o# .## #o# ## #@#
.....#+## #.#
........# #....#.#
........# #....#.#
........# #....#.#
......).# #....#.#
........# #.<..#.#
........# #....#.#
........###....#.#


You could see an orc warrior, an orc wizard (invisible) and an orc.

Vanquished Creatures
  Pikel (D:4)
  Eustachio (D:4)
  Menkaure (D:4)
  A slave (D:4)
  3 ogres
  2 big kobolds (Sewer)
  A crimson imp (D:6)
  An orc priest (D:5)
  A bullfrog skeleton (D:6)
  4 orc wizards
  Ijyb (D:3)
  Natasha (D:4)
  2 worker ants (D:4)
  Robin (D:4)
  A howler monkey skeleton (D:6)
  5 gnolls
  12 adders
  5 river rats (Sewer)
  A shadow imp (D:5)
  3 oozes
  A worm (D:2)
  3 dart slugs
  7 leopard geckos
  23 orcs
  6 giant cockroaches
  27 goblins
  21 hobgoblins
  2 jackals (D:6)
  3 quokkas
  6 ball pythons
  15 bats
  11 frilled lizards
  22 kobolds
  2 quokka skeletons
  A quokka zombie (D:5)
  33 rats
231 creatures vanquished.

Vanquished Creatures (others)
  Natasha (D:4)
1 creature vanquished.

Grand Total: 232 creatures vanquished

Notes
Turn   | Place    | Note
-------+----------+-------------------------------------------
     0 | D:1      | nicolaieve the Minotaur Berserker began the quest for the Orb.
     0 | D:1      | Reached XP level 1. HP: 19/19 MP: 0/0
    78 | D:1      | Reached skill level 4 in Axes
   183 | D:1      | Reached XP level 2. HP: 21/26 MP: 1/1
   320 | D:1      | Reached skill level 5 in Axes
   334 | D:1      | Reached ** piety under Trog
   337 | D:1      | Reached XP level 3. HP: 31/31 MP: 2/2
  1002 | D:2      | Found a glowing golden altar of the Shining One.
  1088 | D:2      | Reached XP level 4. HP: 32/39 MP: 3/3
  1098 | D:2      | Reached skill level 6 in Axes
  1438 | D:2      | Reached *** piety under Trog
  1904 | D:3      | Reached skill level 7 in Axes
  1904 | D:3      | Reached XP level 5. HP: 33/45 MP: 4/4
  1944 | D:3      | Reached **** piety under Trog
  2065 | D:3      | Noticed Ijyb
  2072 | D:3      | Killed Ijyb
  2313 | D:4      | Reached skill level 8 in Axes
  2354 | D:4      | Reached XP level 6. HP: 49/51 MP: 5/5
  2360 | D:4      | Noticed Eustachio
  2365 | D:4      | Noticed Robin
  2373 | D:4      | Killed Robin
  2376 | D:4      | Killed Eustachio
  2376 | D:4      | Reached skill level 9 in Axes
  2393 | D:4      | Reached XP level 7. HP: 57/57 MP: 6/6
  2395 | D:4      | Reached ***** piety under Trog
  2478 | D:4      | Reached skill level 10 in Axes
  2605 | D:4      | Noticed Menkaure
  2612 | D:4      | Killed Menkaure
  2629 | D:4      | Noticed Natasha
  2638 | D:4      | Killed Natasha
  2713 | D:4      | Noticed Pikel
  2720 | D:4      | Killed Pikel
  2720 | D:4      | Reached skill level 12 in Axes
  2720 | D:4      | Reached XP level 8. HP: 64/64 MP: 7/7
  2767 | D:4      | Found a hide-covered altar of Uskayaw.
  2770 | D:4      | Killed Natasha
  2828 | D:5      | Entered Level 5 of the Dungeon
  3408 | D:5      | Found a glowing drain.
  3432 | Sewer    | Entered a sewer
  3476 | Sewer    | Reached skill level 13 in Axes
  3656 | Sewer    | Received a gift from Trog
  4186 | D:6      | Found an iron altar of Okawaru.
  4342 | D:6      | Slain by an orc warrior

Skill      XL: |  1  2  3  4  5  6  7  8 |
---------------+-------------------------+-----
Axes           | 4 5 7 8 9 12 13 | 13.6
Fighting       | |  3.6
Armour         | |  2.4
Dodging        | |  2.1

Action                   |  1- 3 |  4- 6 |  7- 9 || total
-------------------------+-------+-------+-------++-------
Melee: Hand axe          |    99 |   153 |   209 ||   461
       Headbutt          |    15 |    27 |    30 ||    72
Invok: Berserk           |     1 |     4 |     4 ||     9
       Trog's Hand       |     1 |       |       ||     1
  Eat: Chunk             |     2 |     7 |    11 ||    20
Armor: Animal skin       |     4 |       |       ||     4
       Ring mail         |    25 |    55 |       ||    80
       Scale mail        |       |       |    54 ||    54
Dodge: Dodged            |    67 |    97 |    82 ||   246
